 Dungeon Crawl Stone Soup version 0.29-a0-664-gff9cad4a3d (webtiles) character file.

Game seed: 14311008816532393454

131 Anon1729 the Ducker (level 5, -1/42 HPs)
             Began as a Merfolk Monk on June 22, 2022.
             Was a Priest of Zin.
             Slain by a phantom (3 damage)
             ... on level 3 of the Dungeon.
             The game lasted 00:02:35 (2869 turns).

Anon1729 the Ducker (Merfolk Monk)                  Turns: 2869, Time: 00:02:36

Health: -1/42      AC:  3    Str: 11    XL:     5   Next: 14%
Magic:  5/5        EV: 15    Int:  9    God:    Zin [***...]
Gold:   81         SH:  0    Dex: 19    Spells: 4/4 levels left

rFire   . . .      SeeInvis .     - Unarmed
rCold   . . .      Faith    .   (no shield)
rNeg    + . .      Spirit   .   a - +0 robe
rPois   .          Reflect  .   (no helmet)
rElec   .          Harm     .   (no cloak)
rCorr   .          Rampage  .   h - +0 pair of gloves
Will    .....                   (no boots)
Stlth   +++.......              (no amulet)
HPRegen 0.14/turn               l - ring of positive energy
MPRegen 0.09/turn               (no ring)

@: no status effects
A: (nimble swimmer 2), mertail
a: Renounce Religion, Recite, Vitalisation, Imprison, Donate Gold


You were on level 3 of the Dungeon.
You worshipped Zin.
Zin was most pleased with you.
You visited 1 branch of the dungeon, and saw 3 of its levels.

You collected 90 gold pieces.
You donated 9 gold pieces to Zin.

Inventory:

Armour
 a - a +0 robe (worn)
 h - a +0 pair of gloves (worn)
Jewellery
 l - a ring of positive energy (left hand)
Scrolls
 c - a scroll of fear {unknown}
 d - a scroll of silence {unknown}
 f - a scroll of brand weapon {unknown}
 i - a scroll of fog {unknown}
 j - 2 scrolls of identify {unknown}
 n - a scroll of noise {unknown}
 p - a scroll of teleportation {unknown}
 q - a scroll of immolation {unknown}
 r - 2 scrolls of blinking {unknown}
 s - a scroll of enchant armour {unknown}
Potions
 b - a potion of ambrosia
 e - 2 potions of magic {unknown}
 g - a potion of degeneration {unknown}
 k - 2 potions of might {unknown}
 m - a potion of mutation {unknown}
 o - a potion of curing {unknown}
 t - a potion of cancellation {unknown}


   Skills:
 + Level 4.1 Fighting
 * Level 1.5 Throwing
 + Level 4.9 Dodging
 + Level 3.3 Stealth
 + Level 4.1 Unarmed Combat


You had 4 spell levels left.
You didn't know any spells.
Your spell library contained the following spells:

 Spells                   Type           Power      Damage    Failure   Level
 Apportation              Tloc           0%         N/A       38%         1
 Conjure Flame            Conj/Fire      0%         6-21      77%         3
 Ignite Poison            Fire/Tmut/Pois 0%         N/A       77%         3
 Sticky Flame             Conj/Fire      0%         2d3       99%         4
 Alistair's Intoxication  Tmut/Pois      0%         N/A       100%        5


Dungeon Overview and Level Annotations

Branches:
Dungeon (3/15)

Altars:
Trog
Zin

Annotations:
D:3 1 transporter


Innate Abilities, Weirdness & Mutations

((You are very nimble when in or above water. (Stealth+, EV+, Speed+++)))
Your lower body shifts to a powerful aquatic tail in water.


Message History

The phantom hits you.
The phantom blinks!
You blink.
The phantom closely misses you.
You hit the phantom but do no damage.
The phantom is severely damaged.
The phantom hits you.
* * * LOW HITPOINT WARNING * * *
The phantom blinks!
You blink.
The phantom hits you.
* * * LOW HITPOINT WARNING * * *
The phantom blinks!
You blink.
You hit the phantom.
The phantom is almost destroyed.
The phantom misses you.
You hit the phantom but do no damage.
The phantom is almost destroyed.
The orc stops glowing.
The phantom hits you but does no damage.
You hit the phantom.
The phantom is almost destroyed.
The phantom misses you.
You closely miss the phantom.
The phantom is almost destroyed.
You hit the phantom but do no damage.
The phantom is almost destroyed.
The phantom barely misses you.
You barely miss the phantom.
The phantom is almost destroyed.
The phantom hits you.
* * * LOW HITPOINT WARNING * * *
The phantom blinks!
You blink.
You hit the phantom.
The phantom is almost destroyed.
The phantom hits you.
* * * LOW HITPOINT WARNING * * *
The phantom blinks!
You blink.
The orc seems less confused.
You barely miss the phantom.
The phantom is almost destroyed.
The phantom hits you.
You die...

#.##§..# #.?......
#.##.#.###.##..#..
#.##o#..§..# .##
#.##.###.##.......
#.#.o....##.#.#...
###.#...o.........
#...)<......#.#.#..#
#.###.....###.......
### #..@W.......#. #
#>....##.......
#.....##.##.####.#
#####.##)##.#
#[##.##.## #.#.#.#..
#..###..# #†## ##o#
#..###.o#


You could see a phantom and 3 orcs.

Vanquished Creatures
  7 adders
  4 worms
  2 dart slugs
  2 orcs (D:3)
  4 ball pythons
  2 endoplasms (D:3)
  4 giant cockroaches
  4 goblins
  3 hobgoblins
  7 jackals
  4 kobolds
  A quokka (D:2)
  4 bats
  4 rats
52 creatures vanquished.

Notes
Turn   | Place    | Note
-------+----------+-------------------------------------------
     0 | D:1      | Anon1729 the Merfolk Monk began the quest for the Orb.
     0 | D:1      | Reached XP level 1. HP: 18/18 MP: 1/1
   122 | D:1      | Found a faded altar of an unknown god.
   129 | D:1      | Reached XP level 2. HP: 22/24 MP: 2/2
   136 | D:1      | Prayed at the altar of an unknown god.
   136 | D:1      | Became a worshipper of Zin the Law-Giver
   136 | D:1      | Reached * piety under Zin
   136 | D:1      | Reached ** piety under Zin
   569 | D:1      | Reached *** piety under Zin
   741 | D:2      | Reached XP level 3. HP: 17/29 MP: 3/3
   820 | D:2      | HP: 1/29 [worm (7)]
  1310 | D:2      | Reached XP level 4. HP: 15/37 MP: 4/4
  1769 | D:2      | Found a bloodstained altar of Trog.
  2052 | D:2      | Reached skill level 1 in Throwing
  2561 | D:3      | Found a transporter.
  2786 | D:3      | Noticed a phantom
  2788 | D:3      | Reached XP level 5. HP: 33/42 MP: 5/5
  2867 | D:3      | HP: 2/42 [phantom (4)]
  2869 | D:3      | Slain by a phantom

Illustrated notes

Levels and vault maps discovered:
D:1:      tarquinn_simple_flora_water_c, layout_rooms,
          ebering_ecumenical_altar_mist, hangedman_abyss_or_decor_stabs
D:2:      layout_basic, basic_altar
D:3:      layout_loops_ring, gammafunk_ghost_mausoleum,
          nicolae_underground_beach

Skill      XL: |  1  2  3  4 |
---------------+-------------+-----
Stealth        | 3 |  3.3
Throwing       | 1 |  1.5
Unarmed Combat | 4 |  4.1
Fighting       | 4 |  4.1
Dodging        | |  4.9

Action                   |  1- 3 |  4- 6 || total
-------------------------+-------+-------++-------
Melee: Unarmed           |   100 |   147 ||   247
       Punch             |     2 |     3 ||     5
Invok: Recite            |       |     1 ||     1
  Use: Potion            |       |     1 ||     1
 Stab: Sleeping          |     4 |     6 ||    10
       Distracted        |     1 |       ||     1
Armor: Robe              |    12 |    29 ||    41
Dodge: Dodged            |    64 |   127 ||   191

Table legend: (Time is in decaauts)
 A = Elapsed time spent in this place.
 B = Non-inter-level travel time spent in this place.
 C = Inter-level travel time spent in this place.
 D = Time resting spent in this place.
 E = Time spent auto-exploring this place.
 F = Levels seen in this place.
 G = Mean time per level.
                   A        B        C        D        E       F      G
               +--------+--------+--------+--------+--------+-----+--------+
         Total |   2847 |   2785 |     62 |      0 |   2267 |   3 |  949.0 |
       Dungeon |   2847 |   2785 |     62 |      0 |   2267 |   3 |  949.0 |
               +--------+--------+--------+--------+--------+-----+--------+

Top non-repeatable levels by time:
     D:2: 1681 daAuts
     D:1: 649 daAuts
     D:3: 517 daAuts
